 Dungeon Crawl Stone Soup version 0.18-a0-1654-ge73a678 (webtiles) character file.

301 Magnus the Sneak (level 6, 0/41 HPs)
             Began as a Vampire Enchanter on Mar 30, 2016.
             Succumbed to an orc priest's poison
             ... on level 3 of the Dungeon.
             The game lasted 00:14:07 (3658 turns).

Magnus the Sneak (Vampire Enchanter)                Turns: 3658, Time: 00:14:07

Health: 0/41       AC:  6    Str:  7    XL:     6   Next: 14%
Magic:  9/9        EV: 12    Int: 21    God:
Gold:   105        SH:  0    Dex: 15    Spells: 3 memorised, 3 levels left

rFire  . . .     SeeInvis +     a - +2 dagger
rCold  . . .     Gourm    .     k - +1 leather armour {MR+}
rNeg   + . .     Faith    .     (no shield)
rPois  .         Spirit   .     (no helmet)
rElec  .         Dismiss  .     (no cloak)
rCorr  .         Reflect  .     (no gloves)
SustAt .         Harm     .     m - +1 pair of boots
MR     +....     Clarity  +     (no amulet)
Stlth  +++.......               (no ring)
                                g - ring of loudness (curse)

@: lethally poisoned (0 -> -15), very slightly contaminated, somewhat resistant
to hostile enchantments, fairly stealthy
A: fangs 3, see invisible, clarity, clever 1, unbreathing, MP-powered wands
a: Bat Form


You were on level 3 of the Dungeon.
You were not thirsty.

You visited 1 branch of the dungeon, and saw 3 of its levels.

You collected 105 gold pieces.

Inventory:

Hand Weapons
 a - a +2 dagger (weapon)
Armour
 b - a +1 robe
 k - a +1 leather armour of magic resistance (worn)
 m - a +1 pair of boots (worn)
 q - a +1 ring mail of fire resistance
Jewellery
 g - a cursed ring of loudness (left hand)
 n - a cursed -2 ring of evasion {unknown}
 o - a +5 ring of evasion {unknown}
Scrolls
 f - 3 scrolls of identify
Potions
 d - a potion of ambrosia {unknown}
 e - a potion of might
 h - 6 potions of blood
 i - a potion of berserk rage {unknown}
 l - a potion of mutation
 p - a potion of lignification {unknown}
Books
 c - a book of Maledictions

   Spells                             Type                      Level
   a - Corona                         Hexes                        1
   b - Ensorcelled Hibernation        Hexes/Ice                    2
   c - Confuse                        Hexes                        3
   d - Tukima's Dance                 Hexes                        3
   e - Dazzling Spray                 Conjuration/Hexes            3


   Skills:
 - Level 2.0 Short Blades
 - Level 2.1 Dodging
 + Level 7.9 Stealth
 - Level 2.0 Spellcasting
 + Level 7.6 Hexes


You had 3 spell levels left.
You knew the following spells:

 Your Spells              Type           Power        Failure   Level  Hunger
a - Corona                Hex            ####...      1%          1    #......
b - Ensorcelled Hibernat  Hex/Ice        ###...       10%         2    ##.....
c - Confuse               Hex            ####....     2%          3    ###....


Dungeon Overview and Level Annotations

Branches:
Dungeon (3/15)

Altars:


Innate Abilities, Weirdness & Mutations

You have razor-sharp teeth.
You have supernaturally acute eyesight.
You can survive without breathing.
You possess an exceptional clarity of mind.
Your mind is acute. (Int +2)
You expend magic power (3 MP) to strengthen your wands.


Message History

The orc priest hits you with a dagger of venom.
* * * LOW HITPOINT WARNING * * *
You are more poisoned.
You barely miss the orc priest.
The orc priest is moderately wounded.
* * * LOW HITPOINT WARNING * * *
You feel sick. The orc priest closely misses you.
You barely miss the orc priest.
The orc priest is moderately wounded.
* * * LOW HITPOINT WARNING * * *
You feel sick. The orc priest barely misses you.
Drink which item? (? for menu, Esc to quit)
It was a potion of mutation.
You feel extremely strange.
You feel your magical essence link to your wands.
You feel clever.
Your thoughts seem clearer.
* * * LOW HITPOINT WARNING * * *
You feel sick. The orc priest misses you.
Drink which item? (? for menu, Esc to quit)
It was a potion of magic.
Magic courses through your body.
You die...

#..#....#.###....... ......
#.o#....##.#.###.####.#....
#...............># #....
##.#.#.#####..#### ..g...
#<.=.# ###..##### .#....
...........# #..........
#.... ###.###...##
#.######### ###.# ......
#.# ######## #@# #o# #g#
#### #K# ... #.######.#
#....K...# ########.......
.##...# g# .##


You could see an orc priest, a hobgoblin and a kobold.

Vanquished Creatures
  A water moccasin (D:3)
  The ghost of SirMumm the Conjurer, an amateur HEWz (D:3)
  2 adders
  2 oozes
  2 worms (D:2)
  3 giant geckos
  2 orcs
  3 bats
  5 giant cockroaches
  7 goblins
  5 hobgoblins
  2 kobolds (D:2)
  2 ball pythons (D:1)
  3 giant newts
  6 rats
46 creatures vanquished.

Notes
Turn   | Place    | Note
--------------------------------------------------------------
     0 | D:1      | Magnus the Vampire Enchanter began the quest for the Orb.
     0 | D:1      | Reached XP level 1. HP: 13/13 MP: 3/3
   363 | D:1      | Reached XP level 2. HP: 14/19 MP: 3/5
   367 | D:1      | Learned a level 2 spell: Ensorcelled Hibernation
   560 | D:1      | Reached skill level 5 in Stealth
  1201 | D:2      | Reached skill level 5 in Hexes
  1201 | D:2      | Reached XP level 3. HP: 24/24 MP: 6/6
  3188 | D:3      | Reached XP level 4. HP: 16/30 MP: 7/7
  3311 | D:3      | Noticed a water moccasin
  3319 | D:3      | Killed a water moccasin
  3319 | D:3      | Reached XP level 5. HP: 23/35 MP: 8/8
  3337 | D:3      | Noticed SirMumm's ghost (amateur HEWz)
  3392 | D:3      | Learned a level 3 spell: Confuse
  3422 | D:3      | Killed SirMumm's ghost
  3422 | D:3      | Reached XP level 6. HP: 19/41 MP: 6/9
  3657 | D:3      | Gained mutation: You expend magic power (3 MP) to strengthen your wands. [potion of mutation]
  3657 | D:3      | Gained mutation: Your mind is acute. (Int +2) [potion of mutation]
  3657 | D:3      | Gained mutation: You possess an exceptional clarity of mind. [potion of mutation]
  3657 | D:3      | HP: 2/41 [poisoned by an orc priest]
  3658 | D:3      | Succumbed to an orc priest's poison

Vault maps used:
D:1:      minmay_arrival_doors, nrook_loot_triangle, st_stairs_2
D:2:      serial_bayou_pond_e
D:3:      portal_sewer_entry_f

Skill      XL: |  1  2  3  4  5 |
---------------+----------------+-----
Stealth        | 5 7 |  7.9
Short Blades   | 2 |  2.0
Hexes          | 5 6 7 |  7.6
Dodging        | |  2.1
Spellcasting   | |  2.0

Action                   |  1- 3 |  4- 6 || total
-------------------------+-------+-------++-------
Melee: Dagger            |   116 |    61 ||   177
 Cast: Corona            |     2 |       ||     2
       Ensorcelled Hiber |    20 |     3 ||    23
       Confuse           |       |     1 ||     1
 Abil: End Transformatio |     1 |       ||     1
       Bat Form          |     1 |       ||     1
  Use: Potion            |     2 |     5 ||     7
       Scroll            |     9 |     1 ||    10
 Stab: Sleeping          |    15 |     2 ||    17
       Distracted        |     1 |       ||     1
       Confused          |       |     2 ||     2
